 Dungeon Crawl Stone Soup version 0.30.1-11-g7821555f0a (webtiles) character file.

Game seed: 11424242395790995545

98422 leafyfresh the Warrior (level 16, -13/136 HPs)
             Began as a Barachi Ice Elementalist on Nov 27, 2023.
             Was the Champion of Cheibriados.
             Mangled by a reaper
             ... wielding a +1 scythe of freezing
              (18 damage)
             ... in an ice cave on Nov 28, 2023.
             The game lasted 01:29:17 (33976 turns).

leafyfresh the Warrior (Barachi Ice Elementalist)  Turns: 33976, Time: 01:29:17

Health: -13/136    AC: 21    Str: 25    XL:     16   Next: 22%
Magic:  38/38      EV: 25    Int: 37    God:    Cheibriados [******]
Gold:   2170       SH: 10    Dex: 29    Spells: 5/33 levels left

rFire   + + .        q - +9 short sword "Qateno" {drain, MP+9 SInv}
rCold   + . .        X - +3 buckler {rPois}
rNeg    . . .        S - +3 troll leather armour {Snorg}
rPois   +            j - +0 hat "Textos" {rPois rF+ Will+}
rElec   .            H - scarf {rC+ rF+}
rCorr   .            L - +0 pair of gloves
SInv    +            l - +1 pair of boots {Stlth+}
Will    ++...        t - amulet of magic regeneration
Stlth   ++++         Q - +4 ring of protection
HPRegen 1.22/turn    F - ring of wizardry
MPRegen 0.66/turn

%: clarity, wizardry (x1)
@: ice-armoured, very slow
A: amphibious, slowness 1, strong legs 2, +LOS, clarity, sense surroundings 1
a: Hop, Renounce Religion, Bend Time, Temporal Distortion, Slouch, Step From
Time


You were in an ice cave.
You worshipped Cheibriados.
Cheibriados was exalted by your worship.
You visited 4 branches of the dungeon, and saw 24 of its levels.
You also visited: Ice Cave.

You collected 2658 gold pieces.
You spent 488 gold pieces at shops.

Inventory:

Hand Weapons
 q - the +9 short sword "Qateno" (weapon) {drain, MP+9 SInv}
   (You found it on level 2 of the Dungeon)

   MP:        It affects your magic capacity (+9).
   SInv:      It lets you see invisible.
 u - the +7 halberd of Dithmenos, Singing {heavy, rCorr Str+2}
   (You found it on level 1 of the Shoals)

   Str:       It affects your strength (+2).
   rCorr:     It protects you from acid and corrosion.
Missiles
 W - 6 curare-tipped darts
Armour
 h - a +2 robe of willpower
 j - the +0 hat "Textos" (worn) {rPois rF+ Will+}
   (You found it on level 13 of the Dungeon)

   rF:        It protects you from fire.
   rPois:     It protects you from poison.
   Will:      It increases your willpower.
 l - a +1 pair of boots of stealth (worn)
 A - a +2 pair of boots
 H - a scarf of resistance (worn)
 L - a +0 pair of gloves (worn)
 S - a +3 troll leather armour (worn) {Snorg}
 X - a +3 buckler of poison resistance (worn)
Jewellery
 t - an amulet of magic regeneration (around neck)
 y - the amulet "Efef" {Faith Int+4}
   (You took it off a boggart on level 14 of the Dungeon)

   [amulet of faith]

   It allows you to gain divine favour quickly.
   Int:       It affects your intelligence (+4).
 F - a ring of wizardry (right hand)
 Q - a +4 ring of protection (left hand)
Wands
 a - a wand of digging (10)
 N - a wand of mindburst (5)
Scrolls
 c - 2 scrolls of blinking
 e - 7 scrolls of teleportation
 k - 2 scrolls of magic mapping
 n - 4 scrolls of enchant weapon
 o - 6 scrolls of amnesia
 v - a scroll of brand weapon
 w - 3 scrolls of fog
 B - 3 scrolls of summoning
 G - 2 scrolls of poison
 J - a scroll of silence
 O - 2 scrolls of fear
Potions
 b - 3 potions of magic
 d - 2 potions of invisibility
 f - 3 potions of flight
 g - a potion of cancellation {unknown}
 i - 2 potions of berserk rage {unknown}
 m - 3 potions of degeneration {unknown}
 p - 3 potions of brilliance
 r - 2 potions of heal wounds
 s - 4 potions of attraction
 x - 2 potions of haste {unknown}
 z - 10 potions of curing
 C - 6 potions of mutation
 K - 7 potions of ambrosia
 U - a potion of resistance {unknown}
 V - 3 potions of lignification {unknown}
 Z - 2 potions of might {unknown}
Miscellaneous
 R - a phial of floods
 T - a box of beasts


   Skills:
 - Level 15.0 Fighting
 - Level 10.0(11.0) Short Blades
 - Level 8.1(10.6) Long Blades
 - Level 1.6 Throwing
 - Level 13.2 Dodging
 - Level 3.5 Stealth
 - Level 5.0 Shields
 - Level 9.1 Spellcasting
 - Level 13.0 Conjurations
 - Level 6.6 Ice Magic
 - Level 7.8 Air Magic
 + Level 10.1 Earth Magic


You had 5 spell levels left.
You knew the following spells:

 Your Spells              Type           Power      Damage    Failure   Level
a - Freeze                Ice            100%       1d10      1%          1
b - Frozen Ramparts       Ice            100%       1d16      1%          3
c - Ozocubu's Armour      Ice            60%        N/A       1%          3
d - Blink                 Tloc           32%        N/A       1%          2
e - Mephitic Cloud        Conj/Pois/Air  62%        N/A       1%          3
f - Freezing Cloud        Conj/Ice/Air   35%        6-21      1%          5
g - Stone Arrow           Conj/Erth      100%       3d13      1%          3
h - Vhi's Electric Charg  Tloc/Air       90%        N/A       1%          3
i - Lee's Rapid Deconstr  Erth           37%        3d19*     1%          5

Your spell library contained the following spells:

 Spells                   Type           Power      Damage    Failure   Level
 Sandblast                Erth           100%       2d20      1%          1
 Cigotuvi's Dreadful Rot  Necr/Pois/Air  72%        N/A       1%          2
 Lesser Beckoning         Tloc           32%        N/A       1%          2
 Momentum Strike          Conj/Tloc      100%       3d10      1%          2
 Poisonous Vapours        Pois/Air       90%        N/A       1%          2
 Animate Armour           Summ/Erth      100%       N/A       1%          4
 Fulminant Prism          Conj/Hex       30%        3d15      1%          4
 Iskenderun's Mystic Bla  Conj/Tloc      60%        2d13      1%          4
 Arcjolt                  Conj/Air       38%        1d48      1%          5
 Summon Ice Beast         Ice/Summ       41%        N/A       3%          4
 Ignite Poison            Fire/Tmut/Pois 16%        N/A       4%          3
 Tukima's Dance           Hex            16%        N/A       4%          3
 Volatile Blastmotes      Fire/Tloc      32%        2d12      4%          3
 Metabolic Englaciation   Hex/Ice        20%        N/A       9%          5
 Animate Dead             Necr           16%        N/A       13%         4
 Passage of Golubria      Tloc           16%        N/A       13%         4
 Summon Mana Viper        Hex/Summ       16%        N/A       32%         5
 Yara's Violent Unravell  Hex/Tmut       8%         3d5       32%         5
 Statue Form              Tmut/Erth      35%        N/A       24%         6
 Simulacrum               Ice/Necr       20%        N/A       43%         6
 Lehudib's Crystal Spear  Conj/Erth      40%        10d10     56%         8
 Maxwell's Capacitive Co  Air            32%        ∞         96%         8
 Haunt                    Necr/Summ      8%         N/A       100%        7
 Monstrous Menagerie      Summ           8%         N/A       100%        7
 Infestation              Necr           8%         N/A       100%        8
 Shatter                  Erth           37%        3d30*     100%        9


Dungeon Overview and Level Annotations

Branches:
Dungeon (15/15)            Temple (0/1) D:6            Lair (5/5) D:11
 Shoals (2/4) Lair:3       Spider (0/4) Lair:3        Slime (0/5) Lair:4
    Orc (2/2) D:9             Elf (0/3) Orc:2        Vaults (0/5) D:14
 Depths (0/4) D:15          IceCv (1/1)

Altars:
Cheibriados
Dithmenos
Elyvilon
Hepliaklqana
Makhleb
Okawaru
Ru
Uskayaw
Wu Jian
Xom
Yredelemnul
Zin
The Shining One
Jiyva

Shops:
D:11 (   Orc:1 =   Orc:2 ([(*

Annotations:
D:6 3 runed translucent doors, kamileon1's ghost, amateur FoNe
D:14 exclusion: orange crystal statue
Shoals:1 exclusion: 2 oklob plants


Innate Abilities, Weirdness & Mutations

You are amphibious.
You cover ground slowly.
You can hop long distances.
You have an extended range of vision and can be seen from far away.
You possess an exceptional clarity of mind.
You passively map a small area around you.


Message History

You puncture the reaper!
The reaper is severely wounded.
The reaper hits you with a +1 scythe of freezing.
* * * LOW HITPOINT WARNING * * *
The reaper freezes you.
* * * LOW HITPOINT WARNING * * *
You closely miss the reaper.
The reaper is severely wounded.
You puncture the reaper!
The reaper is severely wounded.
The reaper hits you but does no damage.
You hit the reaper but do no damage.
The reaper is severely wounded.
You closely miss the reaper.
The reaper is severely wounded.
The reaper hits you with a +1 scythe of freezing!
* * * LOW HITPOINT WARNING * * *
The reaper freezes you.
* * * LOW HITPOINT WARNING * * *
You hit the reaper but do no damage.
The reaper is severely wounded.
You feel much better. The reaper hits you but does no damage.
Unknown command.
You hit the reaper but do no damage.
The reaper is severely wounded.
The reaper barely misses you.
You puncture the reaper!
The reaper is almost dead.
You hit the reaper.
The reaper is almost dead.
The reaper hits you with a +1 scythe of freezing!!!
* * * LOW HITPOINT WARNING * * *
The reaper freezes you.
* * * LOW HITPOINT WARNING * * *
You hit the reaper but do no damage.
The reaper is almost dead.
You hit the reaper but do no damage.
The reaper is almost dead.
The reaper hits you with a +1 scythe of freezing!!
You die...

#..##.#.##
#...#...###
#..#....##
#☼..#....
#..##....#
#.≈.#.....
##..#....#
≈...###..#.
#..##..)##...
*
##..#..##..#
#..####°.#* ~
##.###.2.#
##@2#..## *
#....## * ,
##..## #### *
, * , *


You could see a reaper.

Vanquished Creatures
  Frances (Shoals:1)
  Roxanne (D:14)
  Snorg (D:13)
  A fire dragon (Lair:5)
  Erolcha (D:10)
  An ice dragon (D:15)
  2 hydras
  An alligator snapping turtle (Shoals:1)
  3 catoblepae
  Erica (D:8)
  3 centaur warriors
  The ghost of BoomerKuwanger the Basher, a novice MiBe of Trog (D:10)
  3 boulder beetles
  7 two-headed ogres
  A merfolk aquamancer (Shoals:1)
  A tengu warrior (D:13)
  A satyr (Shoals:2)
  An orc high priest (Orc:2)
  Nergalle (Orc:1)
  Sonja (D:13)
  Amaemon (D:8)
  3 skysharks (Shoals:1)
  A bog body (IceCv)
  A swamp dragon (Lair:5)
  An orange crystal statue (IceCv)
  8 sea snakes (Shoals:1)
  2 deep elf pyromancers
  An obsidian statue (IceCv)
  A spriggan simulacrum (IceCv)
  2 orc knights
  A wizard (D:11)
  7 ugly things
  3 cyclopes
  4 harpies (Shoals:1)
  5 orc sorcerers (Orc:2)
  3 fauns (Shoals:1)
  3 manticores
  7 elephants
  15 slime creatures
  2 merfolk sirens (Shoals:1)
  4 black mambas
  A gargoyle (D:11)
  2 water nymphs
  An orange demon (D:8)
  9 cane toads
  4 kobold demonologists (D:10)
  5 rime drakes
  Psyche (D:8)
  3 efreet
  An anaconda simulacrum (IceCv)
  12 komodo dragons
  2 unseen horrors
  7 freezing wraiths (IceCv)
  A golden dragon simulacrum (IceCv)
  5 ice devils (IceCv)
  2 tengu conjurers
  A queen bee (Lair:4)
  4 meliai
  A meliai (shapeshifter) (D:10)
  5 trolls
  2 wind drakes (Shoals:1)
  3 polar bears (Lair:2)
  A hornet (Lair:4)
  2 merfolk
  A snapping turtle (Shoals:1)
  16 blink frogs
  7 dream sheep (Lair:5)
  2 vampires
  Sigmund (D:2)
  3 culicivoras (Lair:3)
  2 shadows
  4 wraiths
  40 yaks
  2 water elementals
  6 wyverns
  10 basilisks
  A steam dragon (D:7)
  3 minotaur simulacra (IceCv)
  7 vampire mosquitoes
  A warg (Orc:2)
  A harpy simulacrum (IceCv)
  7 water moccasins
  4 acid dragons
  45 orc warriors
  9 black bears
  2 swamp drakes (Lair:5)
  An ice beast (D:8)
  3 sky beasts
  2 alligator simulacra (IceCv)
  A black bear (shapeshifter) (D:13)
  5 centaurs
  7 ogres
  5 boggarts (D:14)
  16 wolves
  2 phantoms
  11 bullfrogs
  3 kobold brigands (D:10)
  3 deep troll simulacra (IceCv)
  2 gnoll sergeants
  2 scorpions
  4 wights (D:9)
  20 killer bees
  5 howler monkeys
  5 electric eels
  39 orc priests
  Crazy Yiuf (D:3)
  3 hounds
  8 iguanas
  2 sleepcaps
  Terence (D:2)
  35 orc wizards
  Natasha (thrice) (D:2)
  6 hell rats (Lair:2)
  12 gnolls
  13 adders
  A white imp (D:5)
  An ufetubus (D:7)
  107 orcs
  5 ball pythons
  6 bats
  7 endoplasms
  5 giant cockroaches
  4 goblins
  6 hobgoblins
  3 jackals (D:5)
  13 kobolds
  6 quokkas
  2 frilled lizards
  9 rats
752 creatures vanquished.

Vanquished Creatures (others)
  A water nymph (Shoals:2)
  A shadow (D:11)
  2 killer bees (Lair:4)
4 creatures vanquished.

Grand Total: 756 creatures vanquished

Notes
Turn   | Place    | Note
-------+----------+-------------------------------------------
     0 | D:1      | leafyfresh the Barachi Ice Elementalist began the quest for
                  | the Orb.
     0 | D:1      | Reached XP level 1. HP: 13/13 MP: 3/3
   144 | D:1      | Reached skill level 5 in Ice Magic
   207 | D:1      | Reached XP level 2. HP: 14/19 MP: 3/5
   762 | D:2      | Noticed Sigmund
   775 | D:2      | Killed Sigmund
   776 | D:2      | Reached XP level 3. HP: 8/24 MP: 1/8
   776 | D:2      | Reached XP level 4. HP: 10/30 MP: 1/10
   776 | D:2      | Reached XP level 5. HP: 12/35 MP: 1/11
   975 | D:2      | Identified the +9 short sword "Qateno" {drain, MP+9 SInv}
   982 | D:2      | Learned a level 3 spell: Frozen Ramparts
   986 | D:2      | Learned a level 3 spell: Ozocubu's Armour
   989 | D:2      | Learned a level 2 spell: Blink
  1312 | D:2      | Reached skill level 1 in Fighting
  1312 | D:2      | Reached skill level 1 in Short Blades
  1318 | D:2      | Noticed Terence
  1326 | D:2      | Killed Terence
  1327 | D:2      | Reached XP level 6. HP: 34/44 MP: 12/12
  1481 | D:2      | Noticed Natasha
  1485 | D:2      | Killed Natasha
  1486 | D:2      | Reached skill level 2 in Fighting
  1556 | D:2      | Noticed Natasha
  1564 | D:2      | Killed Natasha
  1651 | D:2      | Noticed Natasha
  1661 | D:2      | Killed Natasha
  1803 | D:3      | Reached skill level 3 in Fighting
  1898 | D:3      | Noticed a black bear
  1904 | D:3      | Killed a black bear
  1905 | D:3      | Reached XP level 7. HP: 52/53 MP: 13/13
  1929 | D:3      | HP: 1/53 [orc priest/divine providence (15)]
  1935 | D:3      | Reached skill level 4 in Fighting
  2617 | D:3      | Found a runed translucent door.
  2618 | D:3      | Noticed Crazy Yiuf
  2841 | D:3      | Killed Crazy Yiuf
  3551 | D:4      | Reached skill level 5 in Fighting
  3703 | D:4      | Found a hide-covered altar of Uskayaw.
  3703 | D:4      | Noticed a +0 short sword
  3703 | D:4      | Noticed a +0 short sword
  3703 | D:4      | Noticed a +0 dagger
  3704 | D:4      | Noticed a +0 spear
  3704 | D:4      | Noticed a +0 falchion
  3705 | D:4      | Noticed a +0 spear
  3706 | D:4      | Noticed a +0 dagger
  3706 | D:4      | Noticed a +0 falchion
  3915 | D:5      | Entered Level 5 of the Dungeon
  3924 | D:5      | Reached skill level 5 in Short Blades
  3924 | D:5      | Reached XP level 8. HP: 63/63 MP: 14/14
  4132 | D:5      | Found a snail-covered altar of Cheibriados.
  4875 | D:5      | Became a worshipper of Cheibriados the Contemplative
  5119 | D:6      | Reached XP level 9. HP: 47/68 MP: 15/15
  5218 | D:6      | Reached skill level 10 in Short Blades
  5302 | D:6      | Reached skill level 6 in Fighting
  5347 | D:6      | Found a burning altar of Makhleb.
  5408 | D:6      | Reached * piety under Cheibriados
  5538 | D:6      | Found a staircase to the Ecumenical Temple.
  5560 | D:6      | Found a runed translucent gate.
  5561 | D:6      | Found a runed translucent gate.
  5646 | D:6      | Found a runed translucent gate.
  5646 | D:6      | Identified the +9 plate armour of Abstinence {rPois rC+
                  | Str+3 Dex-2}
  5647 | D:6      | Noticed kamileon1's ghost (amateur FoNe)
  6455 | D:7      | Reached skill level 7 in Fighting
  6600 | D:7      | Reached skill level 5 in Dodging
  6911 | D:7      | Reached skill level 8 in Fighting
  6986 | D:7      | Reached XP level 10. HP: 82/82 MP: 16/16
  7000 | D:7      | Reached ** piety under Cheibriados
  7076 | D:8      | Reached skill level 9 in Fighting
  7115 | D:8      | Found a basalt altar of Yredelemnul.
  7131 | D:8      | Noticed Psyche
  7139 | D:8      | Killed Psyche
  7313 | D:8      | Noticed Erica
  7333 | D:8      | Killed Erica
  7334 | D:8      | Reached skill level 10 in Fighting
  7516 | D:8      | Noticed Amaemon
  7516 | D:8      | Noticed an orange demon
  7526 | D:8      | Killed Amaemon
  7533 | D:8      | Killed an orange demon
  7534 | D:8      | Reached skill level 11 in Fighting
  7831 | D:8      | Reached XP level 11. HP: 76/93 MP: 17/17
  7918 | D:8      | Reached *** piety under Cheibriados
  8601 | D:9      | Found a staircase to the Orcish Mines.
  8642 | D:9      | Found a flagged portal.
  9238 | D:9      | Reached skill level 10 in Dodging
  9536 | D:9      | Found an ornate altar of the Wu Jian Council.
  9571 | D:9      | Found a glowing silver altar of Zin.
  9571 | D:9      | Found a white marble altar of Elyvilon.
  9571 | D:9      | Found a glowing golden altar of the Shining One.
  9700 | D:9      | Found an iron altar of Okawaru.
  9724 | D:9      | Reached skill level 12 in Fighting
  9843 | D:9      | Found a faded altar of an unknown god.
  9843 | D:9      | Found a sacrificial altar of Ru.
  9850 | D:9      | Found a shimmering altar of Xom.
  9852 | D:9      | Found a shadowy altar of Dithmenos.
  9854 | D:9      | Found a faded altar of an unknown god.
 10010 | D:9      | Learned a level 3 spell: Mephitic Cloud
 10020 | D:10     | Entered Level 10 of the Dungeon
 10039 | D:10     | Reached **** piety under Cheibriados
 10040 | D:10     | Reached skill level 1 in Conjurations
 10299 | D:10     | Noticed Erolcha
 10344 | D:10     | Noticed a two-headed ogre
 10367 | D:10     | Killed a two-headed ogre
 10606 | D:10     | Reached ***** piety under Cheibriados
 10617 | D:10     | Killed Erolcha
 10618 | D:10     | Reached skill level 13 in Fighting
 10876 | D:10     | Found a runed translucent door.
 10876 | D:10     | Noticed BoomerKuwanger's ghost (novice MiBe)
 11061 | D:10     | Learned a level 5 spell: Freezing Cloud
 11081 | D:11     | Noticed a two-headed ogre
 11094 | D:11     | Killed a two-headed ogre
 11095 | D:11     | Reached skill level 5 in Conjurations
 11095 | D:11     | Reached XP level 12. HP: 105/105 MP: 18/18
 11095 | D:11     | Noticed a two-headed ogre
 11104 | D:11     | Noticed a two-headed ogre
 11127 | D:11     | Killed a two-headed ogre
 11142 | D:11     | Killed a two-headed ogre
 11178 | D:10     | Reached skill level 5 in Air Magic
 11859 | D:11     | Noticed a centaur warrior
 12784 | D:11     | Noticed a boulder beetle
 13004 | D:11     | Killed a boulder beetle
 13164 | D:11     | Killed a centaur warrior
 13247 | D:11     | Identified the +3 whip of the Bouncing Eyes {heavy, Str+3
                  | Dex+4}
 13341 | D:11     | Noticed a centaur warrior
 13405 | D:11     | Killed a centaur warrior
 13535 | D:11     | Gained mutation: You can hop long distances. [Barachi
                  | growth]
 13535 | D:11     | Reached XP level 13. HP: 92/111 MP: 19/19
 13895 | D:11     | Reached ****** piety under Cheibriados
 13926 | D:11     | Found Jeatz's Weapon Shoppe.
 14040 | D:11     | Reached skill level 5 in Spellcasting
 14042 | D:11     | Found a staircase to the Lair.
 14974 | D:10     | Killed BoomerKuwanger's ghost
 15002 | D:10     | Identified the +1 cloak "Buh Cul" {Drain rElec Dex+2}
 15198 | D:9      | Learned a level 3 spell: Stone Arrow
 15199 | Orc:1    | Entered Level 1 of the Orcish Mines
 15833 | Orc:1    | Noticed Nergalle
 15846 | Orc:1    | Killed Nergalle
 16327 | Orc:2    | Entered Level 2 of the Orcish Mines
 16970 | Orc:2    | Reached skill level 10 in Conjurations
 16986 | Orc:2    | Found a staircase to the Elven Halls.
 17564 | Orc:2    | Found Evelat's Antique Weapon Shoppe.
 17816 | Orc:2    | Noticed an orc warlord
 17836 | Orc:2    | Reached skill level 1 in Throwing
 18082 | Orc:2    | Found Secef's Antique Weapon Boutique.
 18085 | Orc:2    | Found Afiwk's Antique Armour Shop.
 18092 | Orc:2    | Bought a glowing buckler for 217 gold pieces
 18097 | Orc:2    | Bought a slimy leather armour for 203 gold pieces
 18097 | Orc:2    | Identified the +0 leather armour "Yrcharre" {rC+} (You
                  | bought it in a shop on level 2 of the Orcish Mines)
 18187 | Orc:2    | Reached skill level 1 in Long Blades
 18320 | Orc:2    | Found Orramios's Assorted Antiques.
 18325 | Orc:2    | Bought a scroll labelled JALUWOUJEY for 34 gold pieces
 18325 | Orc:2    | Bought a scroll labelled HELYORHIUZ for 34 gold pieces
 18368 | Orc:1    | Found Joci's Jewellery Shop.
 18380 | Orc:1    | Reached skill level 1 in Shields
 18877 | Lair:1   | Entered Level 1 of the Lair of Beasts
 19354 | Lair:1   | Reached XP level 14. HP: 71/119 MP: 25/25
 19359 | Lair:1   | Reached skill level 5 in Long Blades
 21461 | Lair:3   | Reached skill level 5 in Shields
 21693 | Lair:3   | Found a hole to the Spider Nest.
 22049 | Lair:3   | Reached skill level 14 in Fighting
 22143 | Lair:3   | Found a staircase to the Shoals.
 23802 | Lair:4   | Found a viscous altar of Jiyva.
 23803 | Lair:4   | Found a staircase to the Slime Pits.
 24610 | Lair:5   | Entered Level 5 of the Lair of Beasts
 24670 | Lair:5   | Identified the +0 quarterstaff "leafyfresh's Regret"
                  | {heavy, Dex+2}
 25034 | Lair:5   | Reached skill level 15 in Fighting
 25034 | Lair:5   | Reached XP level 15. HP: 129/129 MP: 28/28
 25255 | Lair:5   | Reached skill level 1 in Earth Magic
 26214 | Lair:5   | Gained mutation: Your system is resistant to poisons.
                  | (rPois) [potion of mutation]
 26214 | Lair:5   | Gained mutation: You have a pair of small antennae on your
                  | head. [potion of mutation]
 26597 | Lair:3   | Learned a level 3 spell: Vhi's Electric Charge
 26598 | Shoals:1 | Entered Level 1 of the Shoals
 26866 | Shoals:1 | Reached skill level 5 in Earth Magic
 26946 | Shoals:1 | Noticed Frances
 26962 | Shoals:1 | Killed Frances
 27042 | Shoals:1 | Identified the +7 halberd of Dithmenos, Singing {heavy,
                  | rCorr Str+2}
 29003 | D:12     | Lost mutation: You have a pair of small antennae on your
                  | head. [potion of mutation]
 29003 | D:12     | Lost mutation: Your system is resistant to poisons. (rPois)
                  | [potion of mutation]
 29003 | D:12     | Gained mutation: You possess an exceptional clarity of
                  | mind. [potion of mutation]
 29003 | D:12     | Gained mutation: You passively map a small area around you.
                  | [potion of mutation]
 29035 | D:12     | Found a hazy altar of Hepliaklqana.
 29586 | D:13     | Noticed Sonja
 29591 | D:13     | Killed Sonja
 29592 | D:13     | Noticed Snorg
 29604 | D:13     | Killed Snorg
 29735 | D:13     | Identified the +0 hat "Textos" {rPois rF+ Will+}
 30548 | D:14     | Found a gate to the Vaults.
 30654 | D:14     | Identified the amulet "Efef" {Faith Int+4}
 31456 | D:14     | Identified Roxanne's Volume of Orogeny
 31456 | D:14     | Noticed Roxanne
 31792 | D:14     | Killed Roxanne
 31793 | D:14     | Reached XP level 16. HP: 34/136 MP: 25/29
 32108 | D:15     | Entered Level 15 of the Dungeon
 32208 | D:15     | Found a frozen archway.
 32233 | IceCv    | Entered an ice cave
 32249 | IceCv    | Learned a level 5 spell: Lee's Rapid Deconstruction
 33270 | IceCv    | Reached skill level 10 in Earth Magic
 33974 | IceCv    | HP: 4/136 [reaper/+1 scythe of freezing (5)]
 33976 | IceCv    | Mangled by a reaper

Illustrated notes

Levels and vault maps discovered:
D:1:      mrwooster_arrival_statue_2, layout_basic
D:2:      layout_rooms, grunt_ministairs_14, uniq_terence, uniq_natasha,
          uniq_sigmund
D:3:      layout_loops_cross, kennysheep_cluttered_room, st_stairs_14,
          uniq_crazy_yiuf_cottage
D:4:      layout_gridville, nicolae_uskayaw_en_pointe
D:5:      layout_loops_ring, mainiacjoe_overflow_cross_hatched,
          minmay_crossroads
D:6:      layout_cave_pools, mainiacjoe_overflow_boulevard,
          minmay_temple_entry_mini_moons, biasface_ghost_orc_armoury
D:7:      layout_rooms, minmay_curled_crystal, nrook_uturn
D:8:      layout_loops_ring, lemuel_tele_altar, minmay_crystal_water,
          uniq_amaemon, uniq_erica, uniq_psyche
D:9:      layout_long_grid, dreamdust_divine_triumvirate, kennysheep_mini_moat,
          lemuel_doored_altar, chequers_temple_overflow_minitemple, orc_david_3,
          enter_bailey_2
D:10:     layout_cave_pools, ebering_ghost_inner_flame, uniq_erolcha
D:11:     minmay_the_grid_octo_triangle [minmay_the_grid_octo_clover_2,
          minmay_the_grid_octo_prize_square_snowflake,
          minmay_the_grid_octo_checkerflower], layout_rooms,
          david_lair_shrubbed, special_room [special_room_orc], serial_shops,
          shop, gauntlet_entry_generic
D:12:     layout_loops_ring, minmay_misc_feat_alley, roderic_serpentine_path,
          nicolae_hepliaklqana_hazy_memory
D:13:     layout_gridville, uniq_snorg, uniq_sonja
D:14:     statuecave_lemuel, layout_basic, david_vaults_4,
          minmay_misc_feat_more_columns, uniq_roxanne
D:15:     hangedman_depths_entry_try_elsewhere_first, layout_loops_cross,
          serial_bayou_pond_a, portal_ice_cave_entry_dragon, uniq_jorgrun
Lair:1:   layout_layer_cave
Lair:2:   layout_regular_city, beast_lair_carwin_9, serial_bayou_shore_b,
          infiniplex_staircase_pool_2
Lair:3:   layout_roguey, elwin_shoals_entry_rocks,
          hellmonk_spider_entry_life_and_decay
Lair:4:   layout_roguey [special_room_bee], dpeg_slime_entry_corner,
          pdpol_lair_cavern_descent
Lair:5:   guppyfry_lair_end_dragon, layout_regular_city, wormcave,
          grunt_forest_small_clearings, chequers_serial_rivers_large_a
Shoals:1: layout_shoals, nicolae_shoals_this_corrosion, uniq_frances
Shoals:2: layout_shoals, nicolae_splish_splash, uniq_aizul
Orc:1:    layout_caves, minmay_shop_enchanted_jewellery, uniq_nergalle
Orc:2:    grunt_orc_community_town_hall, layout_caves,
          grunt_orc_community_big_house_2, grunt_orc_community_big_house_2,
          grunt_orc_community_house_2, grunt_orc_community_house_3,
          grunt_orc_community_house_2, grunt_orc_community_house_1,
          grunt_orc_community_house_1
IceCv:    ice_cave_small_demon

Skill      XL: |  1  2  3  4  5  6  7  8  9 10 11 12 13 14 15 16 |
---------------+-------------------------------------------------+-----
Ice Magic      | 5 6 |  6.6
Spellcasting   | 4 7 9 |  9.1
Fighting       | 1 3 5 8 11 13 15 | 15.0
Short Blades   | 1 3 5 9 10 | 10.0
Dodging        | 6 9 11 12 13 | 13.2
Conjurations   | 5 9 10 12 13 | 13.0
Air Magic      | 2 7 |  7.8
Stealth        | 2 3 |  3.5
Throwing       | 1 |  1.6
Long Blades    | 4 8 |  8.1
Shields        | 2 5 |  5.0
Earth Magic    | 9 10 | 10.1

Action                     |  1- 3 |  4- 6 |  7- 9 | 10-12 | 13-15 | 16-18 || total
---------------------------+-------+-------+-------+-------+-------+-------++-------
  Melee: Short sword       |    20 |    63 |   223 |   453 |  1398 |   319 ||  2476
         Punch             |       |     1 |     3 |    14 |     3 |       ||    21
         Unarmed           |       |       |     3 |       |       |       ||     3
   Fire: Sling             |    35 |     5 |       |       |       |       ||    40
   Cast: Freeze            |     7 |     3 |       |       |     3 |       ||    13
         Frozen Ramparts   |       |     1 |    15 |    24 |    46 |     1 ||    87
         Ozocubu's Armour  |       |     1 |    10 |    17 |    58 |     8 ||    94
         Mephitic Cloud    |       |       |       |     6 |    12 |       ||    18
         Freezing Cloud    |       |       |       |     3 |    73 |     3 ||    79
         Stone Arrow       |       |       |       |       |    41 |     6 ||    47
         Vhi's Electric Ch |       |       |       |       |     1 |     1 ||     2
         Lee's Rapid Decon |       |       |       |       |       |    21 ||    21
Ability: Hop               |       |     1 |     2 |     3 |     7 |     2 ||    15
    Use: Potion            |       |       |     3 |     1 |     2 |     7 ||    13
         Scroll            |       |       |       |     9 |    11 |     7 ||    27
   Stab: Sleeping          |       |     2 |     4 |     3 |    19 |       ||    28
         Confused          |       |       |       |     3 |     8 |       ||    11
         Distracted        |       |       |       |       |     5 |       ||     5
         Petrified         |       |       |       |       |     3 |       ||     3
 Armour: Robe              |     4 |    19 |    64 |    45 |   173 |       ||   305
         Skin              |       |       |     1 |       |       |       ||     1
         Troll leather arm |       |       |       |       |     1 |    60 ||    61
  Dodge: Dodged            |    22 |    45 |   135 |   363 |   900 |   228 ||  1693
  Block: Buckler           |       |       |       |       |   330 |   127 ||   457
